 Dungeon Crawl Stone Soup version 0.18.1-6-gd335043 (webtiles) character file.

117 Moloch the Ruffian (level 4, -3/38 HPs)
             Began as a Draconian Fighter on May 19, 2016.
             Slain by Sigmund
             ... wielding a cursed -1 scythe
              (8 damage)
             ... on level 3 of the Dungeon.
             The game lasted 00:02:17 (2152 turns).

Moloch the Ruffian (Draconian Fighter)              Turns: 2152, Time: 00:02:17

Health: -3/38      AC:  5    Str: 23    XL:     4   Next: 71%
Magic:  4/4        EV: 10    Int:  9    God:
Gold:   51         SH:  9    Dex: 14    Spells: 0 memorised, 3 levels left

rFire  . . .     SeeInvis .       - Unarmed
rCold  . . .     Gourm    .     (armour unavailable)
rNeg   . . .     Faith    .     a - +0 shield
rPois  .         Spirit   .     (helmet restricted)
rElec  .         Dismiss  .     (no cloak)
rCorr  .         Reflect  .     (no gloves)
SustAt .         Harm     .     (no boots)
MR     .....                    (no amulet)
Stlth  +.........               (no ring)
                                i - +3 ring of dexterity

@: mighty, not resistant to hostile enchantments, very unstealthy
A: unfitting armour, cold-blooded, AC +5
a: no special abilities


You were on level 3 of the Dungeon.
You were not hungry.

You visited 1 branch of the dungeon, and saw 3 of its levels.

You collected 51 gold pieces.

Inventory:

Armour
 a - a +0 shield (worn)
Jewellery
 e - an uncursed ring of fire
 i - a +3 ring of dexterity (left hand)
 s - an uncursed amulet of regeneration {unknown}
Scrolls
 f - a scroll of remove curse {unknown}
 h - a scroll of enchant armour {unknown}
 k - a scroll of enchant weapon {unknown}
 m - a scroll of identify {unknown}
 q - a scroll of immolation {unknown}
Potions
 b - a potion of might
 d - a potion of berserk rage {unknown}
 g - a potion of haste {unknown}
 j - 2 potions of brilliance {unknown}
 l - a potion of agility {unknown}
 n - 2 potions of degeneration {unknown}
 r - a potion of cancellation {unknown}
 t - a potion of mutation {unknown}
Comestibles
 c - 4 bread rations
 o - a beef jerky
 p - a chunk of flesh


   Skills:
 - Level 3.2 Fighting
 - Level 2.6 Dodging
 - Level 3.0 Shields
 + Level 5.0 Unarmed Combat


You had 3 spell levels left.
You didn't know any spells.

Dungeon Overview and Level Annotations

Branches:
Dungeon (3/15)

Altars:
Nemelex Xobeh

Annotations:
D:3 Sigmund


Innate Abilities, Weirdness & Mutations

Your plain brown scales are hard (AC +5).
Your body does not fit into most forms of armour.
You are cold-blooded and may be slowed by cold attacks.


Message History

You are too injured to fight recklessly!
You are too injured to fight recklessly!
You are too injured to fight recklessly!
You are too injured to fight recklessly!
You are too injured to fight recklessly!
You are too injured to fight recklessly!
You are too injured to fight recklessly!
You are too injured to fight recklessly!
You aren't carrying any items that you can evoke.
Drink which item? (? for menu, Esc to quit)
Okay, then.
Drink which item? (? for menu, Esc to quit)
You feel very mighty all of a sudden. Sigmund hits you but does no damage.
You punch Sigmund!
Sigmund is heavily wounded.
You barely miss Sigmund.
Sigmund is heavily wounded.
Sigmund hits you with a scythe!
You die...

#####'#...........#
#.................##
#...)(.(.....)....'.
#.##.................##
#..†.................#
####.................#
#####'#...........#
#####(#############
#.@@......# #.........+
#%.K......# #.........#
#$........# #.........#
#.....$...# #.........+


You could see Sigmund and a kobold.

Vanquished Creatures
  An orc priest (D:3)
  2 adders
  4 giant geckos
  8 orcs
  4 giant cockroaches
  6 goblins
  5 hobgoblins
  2 jackals (D:1)
  2 quokkas (D:3)
  8 bats
  A giant newt (D:1)
  4 kobolds
  7 rats
54 creatures vanquished.

Notes
Turn   | Place    | Note
--------------------------------------------------------------
     0 | D:1      | Moloch the Draconian Fighter began the quest for the Orb.
     0 | D:1      | Reached XP level 1. HP: 19/19 MP: 1/1
   240 | D:1      | Reached XP level 2. HP: 26/26 MP: 2/2
   304 | D:1      | Reached skill level 3 in Unarmed Combat
   789 | D:2      | Found a sparkling altar of Nemelex Xobeh.
   825 | D:2      | Reached XP level 3. HP: 17/31 MP: 3/3
  1190 | D:2      | Reached skill level 4 in Unarmed Combat
  1323 | D:3      | Reached XP level 4. HP: 23/38 MP: 4/4
  2128 | D:3      | Reached skill level 5 in Unarmed Combat
  2146 | D:3      | Noticed Sigmund
  2152 | D:3      | Slain by Sigmund

Skill      XL: |  1  2  3  4 |
---------------+-------------+-----
Unarmed Combat | 3 4 5 |  5.0
Fighting       | |  3.2
Dodging        | |  2.6
Shields        | |  3.0

Action                   |  1- 3 |  4- 6 || total
-------------------------+-------+-------++-------
Melee: Unarmed           |   154 |    60 ||   214
       Tailslap          |    20 |    10 ||    30
  Use: Potion            |       |     1 ||     1
  Eat: Chunk             |     1 |     3 ||     4
Armor: Skin              |    43 |    20 ||    63
Dodge: Dodged            |    60 |    21 ||    81
Block: Shield            |    76 |    32 ||   108
